 Dungeon Crawl Stone Soup version 0.22-a0-268-g1cc83ef (webtiles) character file.

22 4thArraOfDagon the Digger (level 2, 0/19 HPs)
             Began as a Barachi Earth Elementalist on Mar 9, 2018.
             Slain by a quokka (2 damage)
             ... on level 3 of the Dungeon.
             The game lasted 00:01:25 (311 turns).

4thArraOfDagon the Digger (BaEE)                     Turns: 311, Time: 00:01:26

Health: 0/19       AC:  2    Str:  9    XL:     2   Next: 91%
Magic:  1/5        EV: 12    Int: 15    God:
Gold:   49         SH:  0    Dex: 12    Spells: 5/6 levels left

rFire    + . .     SeeInvis .   h - +0 falchion
rCold    + . .     Gourm    .   (no shield)
rNeg     . . .     Faith    .   c - +0 robe
rPois    +         Spirit   .   (no helmet)
rElec    +         Reflect  .   (no cloak)
rCorr    +         Harm     .   (no gloves)
MR       .....                  (no boots)
Stlth    ++........             (no amulet)
HPRegen  0.06/turn              (no ring)
MPRegen  0.09/turn              (no ring)

@: resistant, flying, very slightly contaminated, hasted, very quick
A: +LOS, swims, slowness 1, strong legs 1
a: Hop


You were on level 3 of the Dungeon.
You were not hungry.

You visited 1 branch of the dungeon, and saw 3 of its levels.

You collected 49 gold pieces.

Inventory:

Hand Weapons
 h - a +0 falchion (weapon)
Missiles
 b - 14 stones (quivered)
Armour
 c - a +0 robe (worn)
Scrolls
 a - a scroll of identify {unknown}
 f - a scroll of immolation {unknown}
 g - a scroll of remove curse {unknown}
Comestibles
 d - 2 rations


   Skills:
 - Level 2.1 Dodging
 - Level 1.7 Stealth
 + Level 2.6 Spellcasting
   Level 1.1 Transmutations
 * Level 3.7 Earth Magic


You had 5 spell levels left.
You knew the following spells:

 Your Spells              Type           Power        Failure   Level  Hunger
a - Sandblast             Erth           ##....       4%          1    #......


Dungeon Overview and Level Annotations

Branches:
Dungeon (3/15)

Altars:


Innate Abilities, Weirdness & Mutations

Shadows flee at your approach. (+LOS)
You can swim through water.
You cover ground slowly.
You can hop short distances.


Message History

The blast of sand hits the hobgoblin.
You kill the hobgoblin!
b - 14 stones
Casting: Sandblast (safe; 4% risk of failure)
Confirm with . or Enter, or press ? or * to list all spells.
You don't have enough magic to cast that spell.
Unknown command.
It was a potion of flight.
You feel very buoyant.
You fly up into the air.
The quokka bites you.
* * * LOW HITPOINT WARNING * * *
Unknown command.
Okay, then.
Unknown command.
Unknown command.
It was a potion of resistance.
You feel protected.
The quokka bites you but does no damage.
It was a potion of haste.
You feel yourself speed up. The quokka bites you.
You die...

.......#.......#.#####.
......#.###'###.....+.
.....#.#....).....##.
....#.#.#.######.# .
...#.....######.##.
..#...#<..........
#.#.########......
#r#.##### #......
#####@#'#...# #......
#...........# #......
#...........# #......
#...........# #......
#..........## #......
#..........# #......
#..........# #......
############ #######


You could see a quokka.

Vanquished Creatures
  A gnoll (D:3)
  A dart slug (D:3)
  An orc (D:3)
  A goblin (D:3)
  2 hobgoblins
  A quokka (D:2)
  2 bats
9 creatures vanquished.

Notes
Turn   | Place    | Note
-------+----------+-------------------------------------------
     0 | D:1      | 4thArraOfDagon the Barachi Earth Elementalist began the quest for the Orb.
     0 | D:1      | Reached XP level 1. HP: 13/13 MP: 3/3
   234 | D:3      | Reached XP level 2. HP: 19/19 MP: 0/5
   311 | D:3      | Slain by a quokka

Vault maps used:
D:1:      lightli_arrival_farm, minmay_split_cup_small
D:2:      first_ration

Action                   || total
-------------------------++-------
Melee: Unarmed           ||     2
       Falchion          ||     6
 Cast: Sandblast         ||    16
  Use: Potion            ||     3
Armor: Robe              ||     3
Dodge: Dodged            ||    12
       Rpst.: Falchion   ||     1

Table legend:
 A = Spawn XP
 B = Non-spawn XP
 C = Spawn XP percentage of total XP
 D = Spawn monster count
 E = Non-spawn monster count
 F = Spawn count percentage of total count
 G = Total turns spent on level
                    A         B        C        D         E        F      G
               +---------+---------+-------+---------+---------+-------+---------
         Total |       0 |      32 |   0.0 |       0 |       9 |   0.0 |   311
               +---------+---------+-------+---------+---------+-------+---------
           D:2 |       0 |       5 |   0.0 |       0 |       3 |   0.0 |    77
           D:3 |       0 |      27 |   0.0 |       0 |       6 |   0.0 |   189
               +---------+---------+-------+---------+---------+-------+---------
